 Dungeon Crawl Stone Soup version 0.18.1-1-g2f07953 (webtiles) character file.

1504 nikopol the Chopper (level 8, -2/73 HPs)
             Began as a Hill Orc Berserker on May 7, 2016.
             Was an Elder of Trog.
             Slain by a shadow imp (4 damage)
             ... on level 6 of the Dungeon.
             The game lasted 00:12:37 (5240 turns).

nikopol the Chopper (Hill Orc Berserker)            Turns: 5240, Time: 00:12:38

Health: -2/73      AC:  0    Str: 20    XL:     8   Next: 82%
Magic:  8/8        EV: 12    Int:  7    God:    Trog [****..]
Gold:   175        SH:  0    Dex: 12    Spells: 0 memorised, 7 levels left

rFire  . . .     SeeInvis .     a - +0 hand axe
rCold  . . .     Gourm    .     t - +0 scale mail
rNeg   . . .     Faith    .     (no shield)
rPois  .         Spirit   .     q - +0 helmet
rElec  .         Dismiss  .     v - +0 cloak
rCorr  .         Reflect  .     (no gloves)
SustAt .         Harm     .     n - +0 pair of boots
MR     .....                    (no amulet)
Stlth  +.........               y - ring of stealth
                                (no ring)

@: corroded, not resistant to hostile enchantments, very unstealthy
A: no striking features
a: Berserk, Trog's Hand, Brothers in Arms, Burn Spellbooks, Renounce Religion


You were on level 6 of the Dungeon.
You worshipped Trog.
Trog was greatly pleased with you.
You were not hungry.

You visited 1 branch of the dungeon, and saw 6 of its levels.

You collected 230 gold pieces.
You spent 55 gold pieces at shops.

Inventory:

Hand Weapons
 a - a +0 hand axe (weapon)
 s - a +0 battleaxe
Missiles
 B - 2 poisoned javelins (quivered)
Armour
 n - a +0 pair of boots (worn)
 q - a +0 helmet (worn)
 t - a +0 scale mail (worn)
 v - a +0 cloak (worn)
Jewellery
 y - a ring of stealth (right hand)
Wands
 D - a wand of disintegration (12/24)
 G - a wand of digging (7/24)
Scrolls
 d - 2 scrolls of random uselessness {unknown}
 j - 3 scrolls of teleportation {unknown}
 k - a scroll of enchant armour {unknown}
 r - a scroll of amnesia {unknown}
 x - a scroll of fear {unknown}
 z - a scroll of magic mapping {unknown}
 H - a scroll of fog {unknown}
Potions
 b - 3 potions of flight {unknown}
 e - 2 potions of cancellation
 f - a potion of heal wounds
 g - a potion of berserk rage
 h - a potion of haste
 A - a potion of curing {unknown}
 F - a potion of invisibility {unknown}
Comestibles
 c - 3 bread rations
 i - a chunk of flesh
 l - 2 meat rations
 u - a slice of pizza
 w - 2 fruits
 C - a beef jerky


   Skills:
 + Level 7.3 Fighting
 + Level 7.8 Axes
 + Level 6.2 Armour
 + Level 4.8 Dodging


You had 7 spell levels left.
You didn't know any spells.

Dungeon Overview and Level Annotations

Branches:
Dungeon (6/15)             Temple (0/1) D:4

Altars:
Elyvilon
Kikubaaqudgha
Makhleb
Nemelex Xobeh
Okawaru
Pakellas
Xom

Shops:
D:5 *


Message History

The jelly hits you.
You are splashed with acid!
The acid corrodes you!
The acid burns!
You hit the jelly.
Your hands burn!
The jelly is severely wounded.
You barely miss the shadow imp. The jelly hits you.
You are splashed with acid!
The acid burns!
The shadow imp shouts, "Back with thee, thou fobbing doghearted joithead!"
The shadow imp gestures at you. Pain shoots through your body!
* * * LOW HITPOINT WARNING * * *
You hit the jelly but do no damage.
Your hands burn!
* * * LOW HITPOINT WARNING * * *
The jelly is severely wounded.
You barely miss the shadow imp. The jelly hits you.
* * * LOW HITPOINT WARNING * * *
You are splashed with acid!
The acid burns!
* * * LOW HITPOINT WARNING * * *
The shadow imp closely misses you. The shadow imp hits you.
You die...

#.)# #..# # #..#
#.####..# #
###...<...# .#
...........# ..#
.....#####.#####...##
####.#####.##>.....(.
.........@J.......
..#####..#5.[.....
#....##..)## ##.#.#
..# #>#.# .# #.#.# #
#.#.# #.#.#


You could see a jelly and a shadow imp.

Vanquished Creatures
  The ghost of nikopol the Chopper, an amateur HOBe of Trog (D:4)
  2 sky beasts
  An ice beast (D:5)
  An ogre (D:4)
  A giant frog (D:5)
  3 scorpions
  2 crimson imps
  A quasit (D:5)
  A centaur zombie (D:5)
  3 hounds
  3 orc priests
  3 orc wizards
  A centaur skeleton (D:4)
  Jessica (D:2)
  2 iguanas (D:4)
  A worker ant (D:5)
  2 hound skeletons
  2 gnolls (D:5)
  13 adders
  An ooze (D:1)
  3 worms
  A dart slug (D:1)
  A giant gecko (D:2)
  12 orcs
  5 giant cockroaches
  14 goblins
  7 hobgoblins
  2 jackals (D:4)
  9 kobolds
  2 quokkas
  8 bats
  5 giant newts
  A jackal skeleton (D:3)
  6 rats
121 creatures vanquished.

Notes
Turn   | Place    | Note
--------------------------------------------------------------
     0 | D:1      | nikopol the Hill Orc Berserker began the quest for the Orb.
     0 | D:1      | Reached XP level 1. HP: 19/19 MP: 1/1
    57 | D:1      | Reached XP level 2. HP: 17/27 MP: 2/2
   600 | D:2      | Reached XP level 3. HP: 33/33 MP: 3/3
   607 | D:2      | Noticed Jessica
   614 | D:2      | Killed Jessica
   647 | D:2      | Reached XP level 4. HP: 32/40 MP: 4/4
   887 | D:2      | Reached ** piety under Trog
   922 | D:2      | Found an ancient bone altar of Kikubaaqudgha.
  1541 | D:2      | Reached XP level 5. HP: 31/47 MP: 5/5
  2069 | D:3      | Reached skill level 5 in Axes
  2282 | D:3      | Reached skill level 5 in Fighting
  2282 | D:3      | Reached XP level 6. HP: 32/56 MP: 6/6
  2563 | D:3      | Reached *** piety under Trog
  2567 | D:3      | Noticed a sky beast
  2598 | D:3      | Killed a sky beast
  3093 | D:3      | Found a burning altar of Makhleb.
  3279 | D:4      | Noticed nikopol's ghost (amateur HOBe)
  3297 | D:4      | Killed nikopol's ghost
  3297 | D:4      | Reached XP level 7. HP: 62/62 MP: 7/7
  3483 | D:4      | Found a staircase to the Ecumenical Temple.
  3535 | D:4      | Reached skill level 5 in Armour
  3926 | D:4      | Found a shimmering altar of Xom.
  3927 | D:4      | Found an oddly glowing altar of Pakellas.
  3964 | D:4      | Reached XP level 8. HP: 46/70 MP: 8/8
  4207 | D:5      | Entered Level 5 of the Dungeon
  4362 | D:5      | Found Ynisokot's General Store.
  4378 | D:5      | Reached **** piety under Trog
  4625 | D:5      | Bought a scroll of identify for 22 gold pieces
  4625 | D:5      | Bought a scroll of remove curse for 33 gold pieces
  4825 | D:5      | Found an iron altar of Okawaru.
  4854 | D:5      | Found a sparkling altar of Nemelex Xobeh.
  5045 | D:5      | Found a white marble altar of Elyvilon.
  5239 | D:6      | HP: 2/73 [acid (9)]
  5240 | D:6      | Slain by a shadow imp

Skill      XL: |  1  2  3  4  5  6  7  8 |
---------------+-------------------------+-----
Dodging        | 2 3 4 |  4.8
Fighting       | 4 5 6 7 |  7.3
Armour         | 3 4 5 6 |  6.2
Axes           | 5 6 7 |  7.8

Action                   |  1- 3 |  4- 6 |  7- 9 || total
-------------------------+-------+-------+-------++-------
Melee: Hand axe          |    62 |   228 |   271 ||   561
Invok: Berserk           |       |     2 |     1 ||     3
       Burn Spellbooks   |       |       |     1 ||     1
  Use: Scroll            |       |       |     6 ||     6
 Stab: Sleeping          |     2 |       |       ||     2
  Eat: Chunk             |       |     8 |    10 ||    18
Armor: Ring mail         |     7 |    81 |       ||    88
       Animal skin       |     4 |       |       ||     4
       Scale mail        |       |    17 |   131 ||   148
Dodge: Dodged            |    46 |   130 |   193 ||   369
